 Dungeon Crawl Stone Soup version 0.15.2 (webtiles) character file.

17425 Heini the Basher (level 12, -17/115 HPs)
             Began as a Minotaur Fighter on Feb 8, 2015.
             Was a High Priest of Okawaru.
             Demolished by an orc warrior
             ... wielding a +0 battleaxe
              (26 damage)
             ... in a bailey.
             The game lasted 00:43:00 (14051 turns).

Heini the Basher (Minotaur Fighter)                Turns: 14051, Time: 00:43:01

HP -17/115       AC 23     Str 31      XL: 12   Next: 18%
MP   0/5         EV  8     Int  5      God: Okawaru [*****.]
Gold 920         SH  0     Dex 10      Spells:  0 memorised, 11 levels left

rFire  . . .     SeeInvis .     C - +4 demon whip (venom)
rCold  . . .     Clarity  .     h - +1 plate armour
rNeg   + . .     rCorr    .     (no shield)
rPois  .         rRot     .     (helmet restricted)
rElec  .         Spirit   +     a - +1 cloak of Siteitz {Str+1}
SustAb .         Warding  .     (no gloves)
rMut   .         Stasis   .     n - +2 pair of boots {+Jump}
Gourm  .                        g - amulet of guardian spirit
MR     .....                    f - ring of positive energy
                                I - +4 ring of strength

@: not resistant to hostile enchantments, extremely unstealthy
A: retaliatory headbutt, horns 2
a: Heroism, Finesse, Renounce Religion, Evoke Jump Attack


You were in a bailey.
You worshipped Okawaru.
Okawaru was extremely pleased with you.
You were not hungry.

You visited 4 branches of the dungeon, and saw 17 of its levels.
You visited 1 bazaar.
You also visited: Bailey.

You collected 1046 gold pieces.
You spent 126 gold pieces at shops.

Inventory:

Hand weapons
 r - a +0 dire flail
 C - a +4 demon whip of venom (weapon)
Armour
 a - the +1 cloak of Siteitz (worn) {Str+1}
   (You acquired it on level 1 of the Orcish Mines)

   It affects your strength (+1).
 h - a +1 plate armour (worn)
 n - a +2 pair of boots of jumping (worn)
Magical devices
 B - a wand of teleportation (6) {unknown}
 H - a wand of flame (20)
 J - a wand of draining (5) {unknown}
 K - a wand of slowing (14) {unknown}
 M - a wand of flame (11)
 N - a wand of cold (8) {unknown}
 R - a wand of magic darts (10) {unknown}
Comestibles
 b - a rotting chunk of gnoll flesh
 d - 8 bread rations
 i - 5 beef jerkies
 w - 4 meat rations
 x - a slice of pizza
 A - 2 royal jellies
 D - 5 fruits
 E - 4 rotting chunks of orc flesh
Scrolls
 c - 2 scrolls of remove curse
 o - a scroll of recharging
 p - a scroll of random uselessness
 q - 4 scrolls of teleportation
 y - 4 scrolls of amnesia
 z - 2 scrolls of blinking
 F - a scroll of enchant weapon
 G - a scroll of fear
Jewellery
 f - a ring of positive energy (right hand)
 g - an amulet of guardian spirit (around neck)
 t - an uncursed ring of magical power
 I - a +4 ring of strength (left hand)
Potions
 e - a potion of restore abilities {unknown}
 j - a potion of agility
 k - a potion of brilliance
 l - 2 potions of haste
 m - 3 potions of flight
 s - a potion of invisibility
 u - 4 potions of curing
 v - a potion of cure mutation
 P - 2 potions of magic


   Skills:
 * Level 13.4 Fighting
 * Level 14.4 Maces & Flails
 * Level 13.4 Armour
   Level 3.6 Shields
 - Level 0.4 Evocations


You had 11 spell levels left.
You didn't know any spells.

Dungeon Overview and Level Annotations

Branches:
Dungeon (13/15) Temple (1/1) D:5 Orc (2/4) D:11 Lair (1/8) D:9 Vaults (0/5) D:12 D:13

Altars:
Ashenzari
Cheibriados
Dithmenos
Elyvilon
Fedhas
Kikubaaqudgha
Makhleb
Nemelex Xobeh
Okawaru
Qazlal
Sif Muna
Trog
Vehumet
Xom
Yredelemnul
Zin
The Shining One

Shops:
D:9 [((((   D:11 (([   Orc:1 (

Annotations:
D:12 Heini's ghost, powerful MiFi
D:13 Rupert


Innate Abilities, Weirdness & Mutations

You reflexively headbutt those who attack you in melee.
You have a pair of horns on your head.


Message History

* * * LOW HITPOINT WARNING * * *
The orc warlord roars a battle-cry!
The orc warrior goes into a battle-frenzy!
The orc warrior looks more healthy.
The orc warrior barely misses you.
The orc warlord roars a battle-cry!
The orc warrior goes into a battle-frenzy!
Things that are here:
a hand axe; a leather armour The orc warrior hits you with a war axe!
* * * LOW HITPOINT WARNING * * *
There is an open door, spattered with blood here.
Things that are here:
a hand axe; a leather armour You closely miss the orc warrior.
You headbutt the orc warrior.
The orc warrior is heavily wounded.
The orc warlord roars a battle-cry!
The orc warrior goes into a battle-frenzy!
You closely miss the orc warrior. Your headbutt misses the orc warrior.
The orc warrior hits you with a battleaxe!!
You die...

...### ###.....###
.....###.........##
.....)#...........#
..)..)'...........#
)....)#.....⌠.....#
)o....#...........#
......#...o....)))#
.....###......ooo###
♣♣♣♣ ...###
###.....#@#.### ♣..♣♣♣♣
.###...
###.###.....###♣♣♣.....♣
## ....
###.........##.......♣
##.....
#...........#.......♣
#.......
#...........'.......♣
'.......
#.....⌠.....'..∩)∩).♣
#.......
#...........'...).)..
##.....
#...........#...).... ##
....
###..)......##......♣♣


You could see an orc warlord and 3 orc warriors.

Vanquished Creatures
  A hydra (Lair:1)
  Urug (D:11)
  The ghost of Huymann the Thaumaturge, an experienced HEWz of Vehumet (Bailey)
  The ghost of Heini the Basher, an experienced MiFi of Okawaru (Bailey)
  3 hill giants
  The ghost of Arvee the Nimble, an experienced TrMo (Bailey)
  An orc knight (D:10)
  An orc sorcerer (Orc:2)
  A black mamba (Lair:1)
  Psyche (D:8)
  A spiny frog (Lair:1)
  A komodo dragon (Lair:1)
  Grinder (D:5)
  4 trolls
  Prince Ribbit (D:8)
  A hydra skeleton (D:12)
  A two-headed ogre (D:8)
  A basilisk (D:12)
  A vampire (D:12)
  A deep elf mage (D:9)
  2 hippogriffs (Lair:1)
  A water moccasin (Lair:1)
  4 humans (D:12)
  A porcupine (Lair:1)
  2 wargs
  A necrophage (D:11)
  3 ice beasts
  13 orc warriors
  A yellow wasp (D:8)
  3 black bears
  3 ogres
  9 centaurs
  4 crocodiles
  2 big kobolds
  A yaktaur zombie (D:12)
  8 giant frogs
  18 wights
  3 scorpions
  10 killer bees
  A wandering mushroom (D:6)
  A yak skeleton (D:7)
  3 goliath beetles
  A giant frog zombie (D:11)
  10 orc priests
  A crimson imp (D:10)
  10 hounds
  Crazy Yiuf (D:7)
  A quasit (D:11)
  A giant frog skeleton (D:9)
  5 jellies
  2 centaur skeletons
  3 iguanas
  16 orc wizards
  An elf skeleton (D:11)
  4 worker ants
  A hound skeleton (D:9)
  2 hound zombies
  A worker ant zombie (D:5)
  Terence (D:3)
  14 gnolls
  6 adders
  7 green rats
  2 shadow imps
  4 worms
  An iguana skeleton (D:7)
  9 giant geckos
  95 orcs
  14 bats
  12 giant cockroaches
  31 goblins
  29 hobgoblins
  7 jackals
  29 kobolds
  2 ball pythons
  5 giant newts
  A jackal skeleton (D:6)
  An orc skeleton (D:5)
  An orc zombie (D:9)
  9 quokkas
  A quokka skeleton (D:6)
  17 rats
  A ballistomycete (D:6)
  4 fungi (D:9)
  5 plants (D:9)
487 creatures vanquished.

Vanquished Creatures (others)
  A centaur (D:6)
  A quokka (D:6)
  A giant spore (D:9)
3 creatures vanquished.

Grand Total: 490 creatures vanquished

Notes
Turn   | Place    | Note
--------------------------------------------------------------
     0 | D:1      | Heini, the Minotaur Fighter, began the quest for the Orb.
     0 | D:1      | Reached XP level 1. HP: 19/19 MP: 1/1
   238 | D:1      | Reached XP level 2. HP: 27/27 MP: 1/1
   267 | D:1      | Reached skill level 4 in Armour
   735 | D:2      | Reached XP level 3. HP: 33/33 MP: 2/2
  1389 | D:3      | Noticed Terence
  1393 | D:3      | Killed Terence
  1393 | D:3      | Reached XP level 4. HP: 37/41 MP: 2/2
  1407 | D:3      | Noticed a centaur
  1415 | D:3      | Killed a centaur
  1415 | D:3      | Reached skill level 5 in Fighting
  1415 | D:3      | Reached skill level 5 in Armour
  1415 | D:3      | Reached XP level 5. HP: 4/48 MP: 2/2
  1628 | D:3      | Found a blossoming altar of Fedhas.
  1641 | D:3      | Found a bloodstained altar of Trog.
  1942 | D:3      | Reached XP level 6. HP: 26/56 MP: 3/3
  1979 | D:3      | Reached skill level 6 in Armour
  3040 | D:5      | Entered Level 5 of the Dungeon
  3040 | D:5      | Noticed Grinder
  3044 | D:5      | Paralysed by Grinder for 5 turns
  3049 | D:5      | Killed Grinder
  3049 | D:5      | Reached skill level 5 in Maces & Flails
  3049 | D:5      | Reached skill level 7 in Armour
  3049 | D:5      | Reached XP level 7. HP: 61/63 MP: 3/3
  3240 | D:5      | Found a sparkling altar of Nemelex Xobeh.
  3376 | D:5      | Found a staircase to the Ecumenical Temple.
  3504 | Temple   | Entered the Ecumenical Temple
  3823 | D:6      | Found a deep blue altar of Sif Muna.
  4037 | D:6      | Reached XP level 8. HP: 69/73 MP: 3/3
  4167 | D:6      | Noticed a wandering mushroom
  4167 | D:6      | a giant spore changed into a wandering mushroom
  4193 | D:6      | Killed a wandering mushroom
  4242 | D:6      | Reached skill level 8 in Armour
  5080 | D:7      | Reached skill level 9 in Armour
  5341 | D:7      | Noticed Crazy Yiuf
  5347 | D:7      | Killed Crazy Yiuf
  5383 | D:7      | Reached XP level 9. HP: 73/82 MP: 4/4
  5522 | D:8      | Noticed Psyche
  5552 | D:8      | Killed Psyche
  5653 | D:8      | Reached skill level 10 in Armour
  5836 | D:8      | Found an iron altar of Okawaru.
  5843 | D:8      | Became a worshipper of Warmaster Okawaru
  5993 | D:8      | Reached skill level 10 in Maces & Flails
  6176 | D:8      | Noticed Prince Ribbit
  6179 | D:8      | Killed Prince Ribbit
  6284 | D:8      | Acquired Okawaru's first power
  6339 | D:8      | Reached skill level 10 in Fighting
  6680 | D:9      | Reached XP level 10. HP: 62/93 MP: 4/4
  6736 | D:9      | Found Qofuc's Weapon Shop.
  6799 | D:9      | Found a staircase to the Lair.
  7063 | D:9      | Found Klaguch's Weapon Shop.
  7141 | D:9      | Found Muc Suy's Armour Shoppe.
  7158 | D:9      | Reached skill level 11 in Maces & Flails
  7159 | D:9      | Found Frauta's Antique Weapon Emporium.
  7163 | D:9      | Found Threinli's Antique Weapon Boutique.
  7352 | Lair:1   | Entered Level 1 of the Lair of Beasts
  7758 | Lair:1   | Noticed a seven-headed hydra
  7789 | Lair:1   | Killed a seven-headed hydra
  7794 | Lair:1   | Received a gift from Okawaru
  7845 | Lair:1   | Reached skill level 12 in Maces & Flails
  8118 | Lair:1   | Noticed a black mamba
  8127 | Lair:1   | Killed a black mamba
  8884 | D:10     | Entered Level 10 of the Dungeon
  8940 | D:10     | Noticed a hill giant
  8948 | D:10     | Killed a hill giant
  9017 | D:10     | Reached XP level 11. HP: 66/102 MP: 4/4
  9230 | D:10     | Noticed an orc knight
  9254 | D:10     | Killed an orc knight
 10126 | D:11     | Found a flickering gateway to a bazaar.
 10142 | Bazaar   | Entered a bazaar
 10153 | Bazaar   | Found Klaunlid's General Store.
 10168 | Bazaar   | Found Efi Noup's Armour Emporium.
 10182 | Bazaar   | Found Boecwef's Antique Armour Shop.
 10209 | Bazaar   | Found Clejatai's General Store.
 10224 | Bazaar   | Found Grenampeam's Antique Armour Shoppe.
 10341 | Bazaar   | Bought a pair of embroidered boots for 126 gold pieces
 10493 | D:11     | Reached skill level 13 in Maces & Flails
 10527 | D:11     | Found Shitreasm's Weapon Emporium.
 10730 | D:11     | Noticed a hill giant
 10733 | D:11     | Killed a hill giant
 10741 | D:11     | Found Ulay's Antique Armour Shop.
 10775 | D:11     | Found Twawn's Antique Weapon Shop.
 10804 | D:11     | Noticed Urug
 10806 | D:11     | Found a staircase to the Orcish Mines.
 11176 | D:11     | Acquired Okawaru's second power
 11198 | D:12     | Noticed Heini's ghost (powerful MiFi)
 12098 | D:13     | Found a gate to the Vaults.
 12098 | D:13     | Noticed Rupert
 12098 | D:13     | Noticed a skeletal warrior
 12098 | D:13     | Noticed a centaur warrior
 12149 | D:11     | Killed Urug
 12321 | D:11     | Noticed a hill giant
 12327 | D:11     | Killed a hill giant
 12748 | Orc:1    | Entered Level 1 of the Orcish Mines
 12748 | Orc:1    | Found Osoimni's Weapon Emporium.
 12751 | Orc:1    | Identified a scroll of acquirement
 12752 | Orc:1    | Got a shimmering cloak
 12763 | Orc:1    | Identified the +1 cloak of Siteitz {Str+1} (You acquired it on level 1 of the Orcish Mines)
 13366 | Orc:1    | Found a flagged portal.
 13380 | Bailey   | Entered a bailey
 13582 | Bailey   | Noticed Arvee's ghost (experienced TrMo)
 13593 | Bailey   | Killed Arvee's ghost
 13593 | Bailey   | Reached skill level 14 in Maces & Flails
 13593 | Bailey   | Reached XP level 12. HP: 98/115 MP: 1/5
 13637 | Bailey   | Noticed Heini's ghost (experienced MiFi)
 13673 | Bailey   | Killed Heini's ghost
 13689 | Bailey   | Received a gift from Okawaru
 13720 | Bailey   | Noticed Huymann's ghost (experienced HEWz)
 13736 | Bailey   | Killed Huymann's ghost
 13865 | Bailey   | Noticed an orc warlord
 13922 | Bailey   | HP: 5/115 [orc warlord/glowing long sword (21)]
 14051 | Bailey   | Demolished by an orc warrior

Action                   |  1- 3 |  4- 6 |  7- 9 | 10-12 || total
-------------------------+-------+-------+-------+-------++-------
Melee: Flail             |    93 |   151 |   231 |       ||   475
       Dire flail        |       |       |   144 |   700 ||   844
       Demon whip        |       |       |       |    86 ||    86
Invok: Heroism           |       |       |       |     3 ||     3
Evoke: Wand              |       |       |     2 |       ||     2
  Use: Scroll            |     6 |     3 |    16 |     9 ||    34
       Potion            |       |     1 |       |     2 ||     3
  Eat: Chunk             |     1 |     6 |    12 |    15 ||    34
       Bread ration      |       |       |       |     2 ||     2
